General information
- name: BNet
- type: Ladder team game (AT/RT)
- host: Battle.net
- saver: BadAllyNoHelp
map: FullScaleAssault
- players: 8
- length: 41:56
- speed: Fast
- version: 1.28 W3XP
- replay type: Public
» download(428 KB)
Players
team 1 (loser)

»
DragosPetru (
teal | 81 APM | 3400 actions | 41:56)
8 Death Knight
3 Death Coil
3 Unholy Aura
1 Animate Dead
1 Death Pact
» actions
| Assign group hotkey | 35 | |
| Basic commands | 170 | |
| Build / train | 77 | |
| ESC pressed | 5 | |
| Enter build submenu | 29 | |
| Enter hero's abilities submenu | 8 | |
| Right click | 1530 | |
| Select / deselect | 393 | |
| Select group hotkey | 1001 | |
| Use ability | 152 | |
3400 total
» units
| Acolyte | 11 | |
| Ghoul | 15 | |
| Frost Wyrm | 16 | |
| Crypt Fiend | 9 | |
51 total
» upgrades
| Creature Attack | 2 | |
| Creature Carapace | 2 | |
| Web | 1 | |
| Ghoul Frenzy | 1 | |
| Freezing Breath | 1 | |
7 total
» buildings
| Crypt | 2 | |
| Ziggurat | 9 | |
| Altar of Darkness | 1 | |
| Nerubian Tower | 1 | |
| Halls of the Dead | 1 | |
| Tomb of Relics | 1 | |
| Graveyard | 1 | |
| Black Citadel | 1 | |
| Sacrificial Pit | 1 | |
| Boneyard | 2 | |
| Spirit Tower | 1 | |
| Slaughterhouse | 1 | |
22 total
» build order
00:12 Crypt
00:15 Crypt
00:21 Ziggurat
00:37 Altar of Darkness
01:22 Ziggurat
01:25 Nerubian Tower
02:56 Halls of the Dead
02:59 Tomb of Relics
04:36 Graveyard
05:28 Ziggurat
06:21 Black Citadel
06:28 Ziggurat
07:39 Sacrificial Pit
09:04 Boneyard
09:07 Boneyard
10:38 Spirit Tower
11:23 Ziggurat
12:48 Ziggurat
12:49 Ziggurat
12:50 Ziggurat
13:33 Ziggurat
17:26 Slaughterhouse
» items
| Rod of Necromancy | 3 | |
| Dust of Appearance | 1 | |
| Potion of Healing | 2 | |
6 total

»
minos (
purple | 32 APM | 1346 actions | 41:56)
7 Paladin
2 Holy Light
3 Devotion Aura
1 Divine Shield
1 Resurrection
» actions
| Assign group hotkey | 20 | |
| Basic commands | 74 | |
| Build / train | 113 | |
| Enter build submenu | 41 | |
| Enter hero's abilities submenu | 7 | |
| Give item / drop item | 2 | |
| Remove unit from queue | 2 | |
| Right click | 428 | |
| Select / deselect | 545 | |
| Select group hotkey | 37 | |
| Use ability | 77 | |
1346 total
» units
| Peasant | 12 | |
| Footman | 5 | |
| Goblin Shredder | 2 | |
| Rifleman | 6 | |
| Priest | 12 | |
| Mortar Team | 2 | |
| Knight | 14 | |
| Siege Engine | 9 | |
62 total
» upgrades
| Masonry | 3 | |
| Priest Training | 2 | |
| Gunpowder | 2 | |
| Swords | 3 | |
| Long Rifles | 1 | |
| Magic Sentry | 1 | |
| Armor | 3 | |
| Plating | 3 | |
| Fragmentation Shards | 1 | |
| Barrage | 1 | |
| Animal War Training | 1 | |
| Sorceress Training | 1 | |
22 total
» buildings
| Altar of Kings | 1 | |
| Farm | 12 | |
| Barracks | 1 | |
| Lumber Mill | 1 | |
| Keep | 1 | |
| Scout Tower | 16 | |
| Blacksmith | 1 | |
| Guard Tower | 14 | |
| Arcane Sanctum | 1 | |
| Arcane Vault | 1 | |
| Castle | 1 | |
| Workshop | 1 | |
| Town Hall | 2 | |
53 total
» build order
00:14 Altar of Kings
00:24 Farm
00:42 Barracks
01:09 Farm
01:51 Farm
02:04 Lumber Mill
02:41 Farm
03:14 Keep
03:56 Scout Tower
04:12 Blacksmith
04:27 Guard Tower
04:31 Scout Tower
05:10 Guard Tower
05:15 Scout Tower
06:45 Scout Tower
06:51 Arcane Sanctum
06:59 Scout Tower
07:21 Guard Tower
07:30 Arcane Vault
07:55 Guard Tower
08:16 Scout Tower
09:08 Guard Tower
09:11 Farm
10:17 Farm
11:52 Farm
15:12 Castle
15:33 Workshop
16:48 Farm
18:45 Town Hall
19:00 Scout Tower
19:14 Scout Tower
19:53 Guard Tower
19:55 Guard Tower
19:58 Farm
23:57 Scout Tower
25:07 Guard Tower
25:12 Scout Tower
25:52 Guard Tower
25:55 Farm
29:07 Scout Tower
33:40 Scout Tower
33:43 Scout Tower
33:47 Scout Tower
33:51 Scout Tower
33:58 Scout Tower
34:10 Guard Tower
34:13 Guard Tower
34:17 Guard Tower
34:36 Town Hall
37:34 Guard Tower
37:39 Guard Tower
40:39 Farm
41:52 Farm
» items
| Orb of Fire | 1 | |
| Scroll of Town Portal | 2 | |
3 total
AGGroPuPs (
yellow | 62 APM | 2585 actions | 41:56)
9 Death Knight
3 Unholy Aura
3 Death Coil
1 Animate Dead
2 Death Pact
» actions
| Assign group hotkey | 42 | |
| Basic commands | 1 | |
| Build / train | 111 | |
| Enter build submenu | 18 | |
| Enter hero's abilities submenu | 9 | |
| Give item / drop item | 2 | |
| Remove unit from queue | 13 | |
| Right click | 1785 | |
| Select / deselect | 422 | |
| Select group hotkey | 120 | |
| Use ability | 62 | |
2585 total
» units
| Acolyte | 11 | |
| Ghoul | 6 | |
| Crypt Fiend | 2 | |
| Gargoyle | 31 | |
| Blue Drake | 2 | |
| Blue Dragon Whelp | 2 | |
| Blue Dragon | 2 | |
56 total
» upgrades
| Creature Carapace | 3 | |
| Creature Attack | 3 | |
| Stone Form | 1 | |
| Necromancer Training | 2 | |
| Skeletal Mastery | 1 | |
| Skeletal Longevity | 1 | |
11 total
» buildings
| Crypt | 2 | |
| Altar of Darkness | 1 | |
| Ziggurat | 8 | |
| Tomb of Relics | 1 | |
| Nerubian Tower | 4 | |
| Graveyard | 1 | |
| Halls of the Dead | 2 | |
| Spirit Tower | 2 | |
| Necropolis | 1 | |
| Black Citadel | 1 | |
| Temple of the Damned | 1 | |
24 total
» build order
00:13 Crypt
00:17 Altar of Darkness
00:39 Ziggurat
01:02 Ziggurat
01:32 Tomb of Relics
02:04 Nerubian Tower
02:04 Nerubian Tower
02:04 Nerubian Tower
03:54 Graveyard
03:56 Ziggurat
05:04 Halls of the Dead
05:04 Halls of the Dead
05:06 Ziggurat
05:42 Spirit Tower
06:14 Ziggurat
06:48 Crypt
12:20 Necropolis
12:22 Ziggurat
12:24 Ziggurat
13:29 Black Citadel
16:45 Temple of the Damned
17:16 Nerubian Tower
17:18 Spirit Tower
18:08 Ziggurat
» items
| Rod of Necromancy | 1 | |
| Scroll of Town Portal | 4 | |
| Orb of Corruption | 1 | |
| Potion of Healing | 3 | |
9 total

»
Lektor2010 (
green | 77 APM | 3237 actions | 41:56)
5 Keeper of the Grove
2 Entangling Roots
3 Thorns Aura
6 Warden
3 Shadow Strike
2 Blink
1 Spirit of Vengeance
5 Priestess of the Moon
2 Scout
3 Trueshot Aura
» actions
| Assign group hotkey | 35 | |
| Basic commands | 278 | |
| Build / train | 88 | |
| ESC pressed | 1 | |
| Enter build submenu | 38 | |
| Enter hero's abilities submenu | 16 | |
| Give item / drop item | 4 | |
| Right click | 1085 | |
| Select / deselect | 389 | |
| Select group hotkey | 1133 | |
| Use ability | 170 | |
3237 total
» units
| Wisp | 19 | |
| Chimaera | 13 | |
| Druid of the Claw | 6 | |
| Goblin Shredder | 1 | |
39 total
» upgrades
| Druid of the Claw Training | 2 | |
| Mark of the Claw | 1 | |
| Nature's Blessing | 1 | |
| Reinforced Hides | 3 | |
| Strength of the Wild | 3 | |
| Corrosive Breath | 1 | |
| Well Spring | 1 | |
| Ultravision | 1 | |
13 total
» buildings
| Altar of Elders | 1 | |
| Moon Well | 10 | |
| Ancient of Wonders | 4 | |
| Hunter's Hall | 1 | |
| Tree of Ages | 1 | |
| Tree of Eternity | 1 | |
| Ancient of Wind | 1 | |
| Ancient of Lore | 1 | |
| Chimaera Roost | 4 | |
| Tree of Life | 4 | |
| Ancient Protector | 11 | |
39 total
» build order
00:11 Altar of Elders
00:17 Moon Well
01:29 Ancient of Wonders
01:49 Hunter's Hall
02:49 Tree of Ages
02:53 Moon Well
03:51 Moon Well
04:50 Moon Well
05:14 Tree of Eternity
05:18 Ancient of Wind
05:21 Ancient of Lore
06:14 Moon Well
07:20 Moon Well
07:43 Chimaera Roost
08:10 Chimaera Roost
11:24 Tree of Life
12:21 Ancient Protector
12:25 Ancient Protector
12:29 Ancient Protector
12:47 Ancient Protector
12:53 Ancient Protector
13:17 Ancient Protector
13:21 Ancient Protector
13:23 Ancient of Wonders
13:27 Moon Well
16:20 Chimaera Roost
16:23 Chimaera Roost
25:52 Moon Well
26:12 Moon Well
26:18 Moon Well
30:37 Tree of Life
31:50 Ancient Protector
31:53 Ancient Protector
31:56 Ancient of Wonders
31:59 Ancient of Wonders
32:02 Ancient Protector
32:06 Ancient Protector
37:18 Tree of Life
37:29 Tree of Life
» items
| Lesser Clarity Potion | 1 | |
| Potion of Healing | 7 | |
| Orb of Venom | 2 | |
| Scroll of Healing | 1 | |
| Orb of Corruption | 1 | |
| Scroll of Town Portal | 2 | |
14 total
team 2 (winner)
BadAllyNoHelp (
orange | 58 APM | 2430 actions | 41:56)
9 Paladin
3 Holy Light
2 Divine Shield
1 Resurrection
3 Devotion Aura
» actions
| Assign group hotkey | 133 | |
| Basic commands | 55 | |
| Build / train | 107 | |
| Enter build submenu | 64 | |
| Enter hero's abilities submenu | 10 | |
| Give item / drop item | 7 | |
| Remove unit from queue | 1 | |
| Right click | 954 | |
| Select / deselect | 466 | |
| Select group hotkey | 411 | |
| Use ability | 222 | |
2430 total
» units
| Peasant | 12 | |
| Footman | 7 | |
| Goblin Shredder | 3 | |
| Goblin Sapper | 5 | |
| Goblin Zeppelin | 1 | |
| Blue Dragon | 1 | |
| Siege Engine | 6 | |
35 total
» upgrades
| Masonry | 3 | |
| Lumber Harvesting | 2 | |
| Defend | 1 | |
| Magic Sentry | 1 | |
| Gunpowder | 3 | |
| Plating | 3 | |
| Barrage | 1 | |
14 total
» buildings
| Altar of Kings | 1 | |
| Barracks | 1 | |
| Farm | 11 | |
| Scout Tower | 77 | |
| Lumber Mill | 1 | |
| Arcane Tower | 1 | |
| Keep | 1 | |
| Guard Tower | 25 | |
| Castle | 1 | |
| Arcane Vault | 3 | |
| Town Hall | 3 | |
| Arcane Sanctum | 1 | |
| Blacksmith | 2 | |
| Workshop | 4 | |
132 total
» build order
00:38 Altar of Kings
00:39 Barracks
00:49 Farm
00:51 Farm
01:04 Farm
01:58 Scout Tower
02:03 Lumber Mill
02:38 Arcane Tower
03:24 Scout Tower
03:24 Scout Tower
03:27 Scout Tower
03:37 Scout Tower
03:41 Scout Tower
03:46 Scout Tower
03:50 Scout Tower
04:02 Keep
04:14 Guard Tower
04:17 Guard Tower
04:23 Guard Tower
04:30 Guard Tower
04:30 Guard Tower
04:30 Guard Tower
04:36 Guard Tower
04:37 Guard Tower
04:43 Guard Tower
04:44 Guard Tower
04:58 Guard Tower
04:58 Guard Tower
06:39 Castle
07:01 Arcane Vault
07:52 Town Hall
09:04 Scout Tower
09:07 Scout Tower
09:09 Scout Tower
09:11 Scout Tower
09:14 Arcane Vault
10:17 Guard Tower
11:01 Scout Tower
11:02 Scout Tower
11:06 Scout Tower
11:06 Scout Tower
11:07 Scout Tower
11:07 Scout Tower
11:07 Scout Tower
11:08 Scout Tower
11:09 Scout Tower
11:09 Scout Tower
11:09 Scout Tower
11:10 Scout Tower
11:10 Scout Tower
11:11 Scout Tower
11:12 Scout Tower
11:13 Scout Tower
11:13 Scout Tower
11:14 Scout Tower
12:58 Guard Tower
13:15 Scout Tower
13:15 Scout Tower
13:16 Scout Tower
13:17 Scout Tower
13:17 Scout Tower
13:17 Scout Tower
13:18 Scout Tower
13:18 Scout Tower
13:19 Scout Tower
13:20 Scout Tower
13:20 Scout Tower
13:21 Scout Tower
13:23 Scout Tower
13:23 Scout Tower
13:23 Scout Tower
13:24 Scout Tower
13:24 Scout Tower
13:24 Scout Tower
13:24 Scout Tower
13:25 Scout Tower
13:26 Scout Tower
13:26 Scout Tower
13:27 Scout Tower
13:27 Scout Tower
13:27 Scout Tower
13:28 Scout Tower
13:28 Scout Tower
13:29 Scout Tower
14:09 Guard Tower
14:51 Guard Tower
15:22 Guard Tower
15:29 Scout Tower
15:29 Scout Tower
15:30 Scout Tower
15:31 Scout Tower
15:31 Scout Tower
16:30 Guard Tower
16:33 Guard Tower
16:53 Guard Tower
17:19 Guard Tower
17:37 Scout Tower
17:37 Scout Tower
17:37 Scout Tower
17:37 Scout Tower
17:38 Scout Tower
17:38 Scout Tower
17:39 Scout Tower
17:39 Scout Tower
17:39 Scout Tower
17:40 Scout Tower
17:40 Scout Tower
17:40 Scout Tower
17:40 Scout Tower
17:41 Scout Tower
17:42 Arcane Vault
18:43 Guard Tower
19:14 Guard Tower
19:49 Guard Tower
19:52 Arcane Sanctum
19:54 Guard Tower
20:21 Guard Tower
23:44 Blacksmith
23:45 Blacksmith
28:40 Workshop
28:41 Workshop
28:41 Workshop
28:43 Workshop
30:16 Farm
30:17 Farm
31:28 Town Hall
33:41 Farm
33:42 Farm
33:43 Farm
33:43 Farm
34:15 Farm
35:07 Farm
38:36 Town Hall
» items
| Mechanical Critter | 2 | |
| Scroll of Regeneration | 3 | |
| Orb of Fire | 1 | |
| Lesser Clarity Potion | 2 | |
| Potion of Mana | 2 | |
| Scroll of Town Portal | 5 | |
| Potion of Healing | 1 | |
| Staff of Teleportation | 1 | |
| Boots of Speed | 1 | |
| Staff of Sanctuary | 1 | |
19 total
retarddie4 (
pink | 137 APM | 4837 actions | 35:19)
5 Blademaster
2 Wind Walk
3 Critical Strike
5 Shadow Hunter
2 Hex
3 Healing Wave
» actions
| Assign group hotkey | 122 | |
| Basic commands | 347 | |
| Build / train | 97 | |
| ESC pressed | 2 | |
| Enter build submenu | 47 | |
| Enter hero's abilities submenu | 10 | |
| Give item / drop item | 4 | |
| Right click | 1945 | |
| Select / deselect | 579 | |
| Select group hotkey | 1447 | |
| Use ability | 237 | |
4837 total
» units
| Peon | 18 | |
| Wind Rider | 3 | |
| Troll Batrider | 19 | |
| Goblin Shredder | 2 | |
| Goblin Zeppelin | 3 | |
45 total
» upgrades
| Envenomed Spears | 1 | |
| Reinforced Defenses | 1 | |
| Liquid Fire | 1 | |
| Ranged Weapons | 1 | |
4 total
» buildings
| Altar of Storms | 2 | |
| Orc Burrow | 13 | |
| Voodoo Lounge | 2 | |
| War Mill | 1 | |
| Stronghold | 4 | |
| Watch Tower | 41 | |
| Fortress | 4 | |
| Beastiary | 4 | |
| Great Hall | 4 | |
75 total
» build order
00:05 Altar of Storms
00:14 Orc Burrow
00:36 Voodoo Lounge
01:31 War Mill
02:40 Stronghold
02:40 Stronghold
03:00 Watch Tower
03:18 Watch Tower
03:19 Watch Tower
03:40 Watch Tower
04:20 Orc Burrow
05:01 Orc Burrow
06:20 Fortress
06:21 Fortress
06:24 Beastiary
06:25 Beastiary
09:22 Watch Tower
09:22 Watch Tower
09:23 Watch Tower
09:23 Watch Tower
09:24 Watch Tower
10:34 Watch Tower
11:06 Orc Burrow
11:48 Great Hall
11:51 Orc Burrow
12:01 Watch Tower
13:06 Watch Tower
13:07 Watch Tower
13:08 Watch Tower
13:09 Watch Tower
20:16 Watch Tower
20:17 Watch Tower
20:18 Watch Tower
20:19 Watch Tower
22:11 Beastiary
22:12 Beastiary
22:19 Orc Burrow
22:21 Orc Burrow
22:27 Great Hall
22:29 Watch Tower
22:30 Watch Tower
22:30 Watch Tower
23:52 Watch Tower
23:52 Watch Tower
23:52 Watch Tower
23:52 Watch Tower
23:53 Watch Tower
23:53 Watch Tower
23:54 Watch Tower
23:54 Watch Tower
23:57 Great Hall
25:07 Voodoo Lounge
26:01 Altar of Storms
27:49 Stronghold
27:49 Stronghold
29:18 Watch Tower
29:19 Watch Tower
29:19 Watch Tower
29:20 Watch Tower
29:20 Watch Tower
29:21 Watch Tower
29:21 Watch Tower
30:09 Great Hall
30:34 Fortress
30:34 Fortress
31:39 Watch Tower
31:40 Watch Tower
31:40 Watch Tower
31:40 Watch Tower
33:38 Orc Burrow
33:39 Orc Burrow
33:39 Orc Burrow
33:40 Orc Burrow
33:43 Orc Burrow
33:45 Orc Burrow
» items
| Healing Salve | 3 | |
| Lesser Clarity Potion | 9 | |
| Scroll of Speed | 2 | |
| Circlet of Nobility | 1 | |
| Boots of Speed | 1 | |
| Orb of Lightning | 1 | |
| Potion of Healing | 1 | |
| Scroll of Town Portal | 2 | |
20 total

»
wtf123 (
blue | 60 APM | 2440 actions | 40:58)
4 Crypt Lord
1 Carrion Beetles
2 Impale
1 Spiked Carapace
2 Death Knight
1 Death Coil
1 Unholy Aura
» actions
| Assign group hotkey | 17 | |
| Build / train | 105 | |
| Enter build submenu | 25 | |
| Enter hero's abilities submenu | 7 | |
| Give item / drop item | 1 | |
| Remove unit from queue | 13 | |
| Right click | 1468 | |
| Select / deselect | 358 | |
| Select group hotkey | 363 | |
| Use ability | 83 | |
2440 total
» units
| Acolyte | 13 | |
| Ghoul | 23 | |
| Gargoyle | 16 | |
| Frost Wyrm | 4 | |
56 total
» upgrades
| Stone Form | 1 | |
| Creature Attack | 2 | |
| Creature Carapace | 1 | |
| Freezing Breath | 1 | |
5 total
» buildings
| Ziggurat | 8 | |
| Crypt | 2 | |
| Altar of Darkness | 1 | |
| Tomb of Relics | 1 | |
| Halls of the Dead | 2 | |
| Graveyard | 1 | |
| Necropolis | 1 | |
| Nerubian Tower | 1 | |
| Spirit Tower | 1 | |
| Black Citadel | 1 | |
| Sacrificial Pit | 1 | |
| Boneyard | 2 | |
22 total
» build order
00:09 Ziggurat
00:13 Crypt
01:01 Altar of Darkness
01:11 Ziggurat
01:53 Tomb of Relics
02:58 Halls of the Dead
05:45 Graveyard
08:18 Ziggurat
08:20 Necropolis
08:25 Ziggurat
08:27 Ziggurat
08:30 Ziggurat
08:34 Ziggurat
09:54 Nerubian Tower
09:55 Spirit Tower
10:03 Halls of the Dead
10:30 Ziggurat
10:34 Crypt
13:25 Black Citadel
16:35 Sacrificial Pit
17:46 Boneyard
17:49 Boneyard
» items
| Rod of Necromancy | 2 | |
| Potion of Healing | 4 | |
| Scroll of Town Portal | 5 | |
| Potion of Mana | 1 | |
| Orb of Lightning | 1 | |
| Scroll of Protection | 1 | |
| Potion of Lesser Invulnerability | 1 | |
| Scroll of Healing | 1 | |
16 total
orcarmy (
red | 29 APM | 854 actions | 29:46)
3 Blademaster
2 Mirror Image
1 Critical Strike
3 Tauren Chieftain
1 War Stomp
2 Endurance Aura
» actions
| Build / train | 83 | |
| Enter build submenu | 29 | |
| Enter hero's abilities submenu | 6 | |
| Give item / drop item | 3 | |
| Remove unit from queue | 4 | |
| Right click | 312 | |
| Select / deselect | 347 | |
| Use ability | 70 | |
854 total
» units
| Peon | 12 | |
| Wind Rider | 4 | |
| Shaman | 8 | |
| Troll Witch Doctor | 8 | |
| Raider | 2 | |
| Troll Batrider | 15 | |
| Troll Headhunter/Berserker | 4 | |
53 total
» upgrades
| Armor | 2 | |
| Ranged Weapons | 2 | |
| Shaman Training | 2 | |
| Witch Doctor Training | 2 | |
| Ensnare | 1 | |
| Berserker Upgrade | 1 | |
| Liquid Fire | 1 | |
11 total
» buildings
| Orc Burrow | 12 | |
| Altar of Storms | 2 | |
| Stronghold | 1 | |
| Voodoo Lounge | 1 | |
| War Mill | 1 | |
| Spirit Lodge | 2 | |
| Watch Tower | 3 | |
| Beastiary | 2 | |
| Fortress | 1 | |
| Barracks | 1 | |
| Great Hall | 2 | |
28 total
» build order
00:15 Orc Burrow
01:13 Altar of Storms
02:03 Stronghold
02:10 Orc Burrow
02:38 Voodoo Lounge
02:47 War Mill
03:12 Orc Burrow
04:26 Spirit Lodge
04:34 Spirit Lodge
05:19 Watch Tower
05:28 Watch Tower
06:13 Beastiary
06:58 Watch Tower
07:07 Fortress
07:29 Orc Burrow
08:17 Beastiary
09:40 Orc Burrow
14:12 Barracks
14:40 Orc Burrow
15:02 Orc Burrow
16:16 Great Hall
21:42 Orc Burrow
21:47 Orc Burrow
22:15 Orc Burrow
22:18 Orc Burrow
22:43 Orc Burrow
24:24 Altar of Storms
26:00 Great Hall
» items
| Healing Salve | 1 | |
| Staff of Teleportation | 1 | |
| Orb of Fire | 1 | |
| Scroll of Town Portal | 2 | |
5 total
Chat log
(00:30 / Allies) retarddie4: wtf
(00:31 / All) Lektor2010: hi plan?
(00:33 / Allies) retarddie4: u gid gud?
(00:39 / Allies) wtf123: tinker rush 4x
(00:43 / All) Lektor2010: good
(00:43 / Allies) retarddie4: no ty
(00:46 / Allies) wtf123: send wisp
(00:49 / All) Lektor2010: units?
(00:50 / Allies) retarddie4: seems like retarded strategy
(00:54 / Allies) retarddie4: just feed u
(00:58 / Allies) retarddie4: im bm
(00:59 / Allies) retarddie4: sry
(01:03 / Allies) retarddie4: shit strategy
(01:08 / All) Lektor2010: good
(01:18 / Allies) wtf123: so fun
(01:26 / Allies) retarddie4: i play not for fun
(01:27 / Allies) retarddie4: sry
(01:32 / Allies) wtf123: 4 machines not to beat
(01:37 / All) Lektor2010: good plan
(01:45 / Allies) wtf123: see
(01:50 / Allies) BadAllyNoHelp: he wants to build up a good record as a portfolio he can show his future girlfriend
(02:53 / Allies) wtf123: long way bm
(03:17 / All) Lektor2010: buck
(04:45 / All) Lektor2010: tp?
(04:46 / All) retarddie4: out nerd
(05:05 / All) Lektor2010: bm
(05:41 / All) Lektor2010: tp?
(06:31 / Allies) retarddie4: clear
(06:32 / Allies) retarddie4: for me
(06:33 / Allies) retarddie4: plz
(06:42 / Allies) retarddie4: wtf hum
(07:47 / Allies) retarddie4: need
(07:48 / Allies) retarddie4: clear
(07:51 / Allies) retarddie4: i take for me
(08:12 / Allies) retarddie4: nice ally
(08:14 / Allies) retarddie4: team play
(08:57 / Allies) retarddie4: i can attack enemy and kill his expands
(09:02 / Allies) retarddie4: but my ally no wanna help me
(09:14 / Allies) retarddie4: so late retard
(11:00 / Allies) orcarmy: yes
(13:01 / Allies) orcarmy: plan??
(16:32 / Allies) retarddie4: where units
(16:33 / Allies) retarddie4: ?
(18:13 / Allies) retarddie4: where ur units
(18:14 / Allies) retarddie4: guys
(18:52 / Allies) orcarmy: meet at my base now
(19:53 / Allies) wtf123: all
(21:11 / Allies) BadAllyNoHelp: I think they have a mher lol
(21:17 / Allies) BadAllyNoHelp: sad
(21:17 / Allies) retarddie4: u no units
(21:18 / Allies) retarddie4: dood
(21:50 / All) retarddie4: bad allyno help 5rk gold no units
(21:54 / All) retarddie4: seems like troll
(22:03 / All) retarddie4: and feed me now when we lost
(22:07 / All) retarddie4: i shoked with eu retards
(22:17 / Allies) BadAllyNoHelp: I'm useast player
(22:42 / Allies) retarddie4: why no units?
(22:49 / All) DragosPetru: who is bad?
(22:53 / Allies) BadAllyNoHelp: why are you mad at me and not red
(23:00 / Allies) BadAllyNoHelp: I've done more this game than red has and he has a full army
(23:03 / Allies) BadAllyNoHelp: he didn't even expand
(23:29 / Allies) BadAllyNoHelp: kill their expos
(24:17 / Allies) BadAllyNoHelp: sad thing is he not afk
(24:55 / Allies) orcarmy: ty
(26:38 / Allies) orcarmy: meet
(27:09 / Allies) retarddie4: ty guys
(27:11 / Allies) retarddie4: u best ally
(27:23 / Allies) BadAllyNoHelp: just let it go
(27:28 / Allies) BadAllyNoHelp: I'll feed you for new base
(27:29 / Allies) BadAllyNoHelp: at your island
(29:09 / Allies) BadAllyNoHelp: want me to get gyro or tank?
(29:38 / Allies) retarddie4: doesnt metter
(29:41 / Allies) retarddie4: we lost anyway
(29:43 / Allies) BadAllyNoHelp: I'll get tank
(29:55 / Allies) retarddie4: if u make units in time we can win
(29:58 / Allies) retarddie4: but u troll
(31:24 / All) BadAllyNoHelp: devour is so worthless on dragon
(31:43 / All) DragosPetru: lol pro devour?
(34:17 / All) retarddie4: human biggest troll
(34:25 / All) retarddie4: didnt have units all game
(34:41 / All) DragosPetru: pally is like an army ^^
(35:14 / Allies) wtf123: who need gold
(35:15 / All) retarddie4: gg
(36:40 / Allies) BadAllyNoHelp: did pink lose hero?
(36:45 / All) BadAllyNoHelp: did pink lose hero?
(37:03 / All) BadAllyNoHelp: tjat'
(37:05 / All) BadAllyNoHelp: that's game lol
(37:13 / All) BadAllyNoHelp: he spent all game whining about me
(37:16 / All) BadAllyNoHelp: I did more than red for sure
(38:02 / All) BadAllyNoHelp: two dk too bad
(39:03 / All) BadAllyNoHelp: if he didn't lose hero like retard we'd have won I was counting on his bm+sh
(39:08 / All) DragosPetru: too bad tanks cant heal
(39:18 / All) DragosPetru: at the fountain
(40:25 / All) BadAllyNoHelp: Granis Darkhammer does not die this day
(40:33 / All) AGGroPuPs: lol
(40:45 / All) BadAllyNoHelp: I should have got gyro
(41:04 / All) AGGroPuPs: yep
(41:09 / All) AGGroPuPs: hf gl
(41:13 / All) BadAllyNoHelp: gyro and mort
(41:15 / All) AGGroPuPs: leave plz ^^
(41:17 / All) BadAllyNoHelp: nay
(41:31 / All) AGGroPuPs: blue ...
(41:34 / All) AGGroPuPs: pink
(41:37 / All) AGGroPuPs: bad allies
(41:53 / All) BadAllyNoHelp: Only red was absolute garbage